 Dungeon Crawl Stone Soup version 0.20.1-1-g8b1a95d66d (webtiles) character file.

806 Jerry the Chopper (level 7, -3/56 HPs)
             Began as a Demonspawn Chaos Knight on Nov 20, 2017.
             Slain by an orc
             ... wielding a +0 war axe of electrocution
              (14 damage)
             ... on level 4 of the Dungeon.
             The game lasted 00:13:50 (5362 turns).

Jerry the Chopper (Demonspawn Chaos Knight)         Turns: 5362, Time: 00:13:51

Health: -3/56      AC:  6    Str: 14    XL:     7   Next: 60%
Magic:  0/7        EV: 11    Int: 13    God:    Xom [.*....]
Gold:   204        SH:  0    Dex: 13    Spells: 6/6 levels left

rFire    . . .     SeeInvis .   t - +2 war axe
rCold    . . .     Gourm    .   (no shield)
rNeg     . . .     Faith    .   b - +3 leather armour
rPois    .         Spirit   +   (no helmet)
rElec    .         Reflect  .   (no cloak)
rCorr    .         Harm     .   (no gloves)
MR       .....                  (no boots)
Stlth    +.........             (no amulet)
Regen    0.2/turn               (no ring)
MPRegen  0.1/turn               (no ring)

@: no status effects
A: magic shield, rot immunity
a: Renounce Religion


You were on level 4 of the Dungeon.
You worshipped Xom.
You were a plaything of Xom.
You were not hungry.

You visited 1 branch of the dungeon, and saw 4 of its levels.
You also visited: Ossuary.

You collected 204 gold pieces.

Inventory:

Hand Weapons
 a - a cursed +5 halberd of freezing
 t - a +2 war axe (weapon)
Armour
 b - a +3 leather armour (worn)
Wands
 h - a wand of paralysis (8/24)
 p - a wand of iceblast (9/15)
Scrolls
 f - 2 scrolls of fog {unknown}
 i - a scroll of amnesia {unknown}
 j - a scroll of enchant armour
 k - 2 scrolls of teleportation {unknown}
 n - 4 scrolls of remove curse
 o - a scroll of silence {unknown}
Potions
 d - a potion of agility
 e - a potion of cancellation
 g - 2 potions of brilliance
 m - a potion of flight {unknown}
 q - 2 potions of mutation {unknown}
 r - 2 potions of resistance {unknown}
 s - a potion of degeneration {unknown}
Comestibles
 c - 5 bread rations
 l - a chunk of flesh


   Skills:
 + Level 5.1 Fighting
 * Level 6.2 Axes
 + Level 4.2 Armour
 - Level 0.8 Dodging


You had 6 spell levels left.
You didn't know any spells.

Dungeon Overview and Level Annotations

Branches:
Dungeon (4/15)
 Temple: D:4-7

Altars:


Innate Abilities, Weirdness & Mutations

When hurt, damage is shared between your health and your magic reserves.
You are immune to rotting.


Message History

The orc priest is lightly wounded.
You closely miss the orc.
The orc priest casts a cantrip, but nothing happens.
The orc hits you with a war axe of electrocution.
You hit the orc priest.
The orc priest is moderately wounded.
You hit the orc.
The orc priest mumbles some strange prayers to Beogh against you.
Beogh smites you! The orc hits you but does no damage.
You are electrocuted!
* * * LOW HITPOINT WARNING * * *
Xom is interested.
You slash the orc priest!
The orc priest is almost dead.
You hit the orc.
The orc priest calls upon Beogh to heal the orc.
The orc's wounds heal themselves!
The orc hits you with a war axe of electrocution!
* * * LOW HITPOINT WARNING * * *
You are electrocuted!
You die...

###### #.#
#............ #.#
#............ #.#
#...........# #.#
#..........## #.#
#..........# #.#
#........(.# #.##
#.<........# #oo#
#..........#
########
##@##########.####
#......#
##...#...## #..#
####.#..###
##.........# ##.##
......[##
#..(..(..... #..#
###.####
#........... ##.#
....# #...........
#.# ..###
##.........# #.#
..# ##...#...##
#.# ..####
##..##### ##.###


You could see an orc priest and an orc.

Vanquished Creatures
  3 wights (Ossuary)
  A centaur zombie (Ossuary)
  A hound (D:4)
  A centaur skeleton (D:4)
  An orc priest (D:2)
  A worker ant (D:4)
  4 orc wizards
  A hound skeleton (D:4)
  4 gnolls
  8 adders
  An ooze (D:3)
  An adder zombie (Ossuary)
  3 worms
  4 leopard geckos
  9 orcs
  A ball python (D:1)
  9 giant cockroaches
  5 goblins
  4 hobgoblins
  6 jackals
  2 quokkas
  2 ball python skeletons (Ossuary)
  8 bats
  3 frilled lizards
  A hobgoblin skeleton (Ossuary)
  2 hobgoblin zombies (Ossuary)
  3 kobolds
  An orc zombie (Ossuary)
  4 rats
94 creatures vanquished.

Vanquished Creatures (collateral kills)
  2 wraiths (Ossuary)
2 creatures vanquished.

Grand Total: 96 creatures vanquished

Notes
Turn   | Place    | Note
-------+----------+-------------------------------------------
     0 | D:1      | Jerry the Demonspawn Chaos Knight began the quest for the Orb.
     0 | D:1      | Reached XP level 1. HP: 18/18 MP: 1/1
   335 | D:1      | Reached skill level 3 in Axes
   335 | D:1      | Gained mutation: You are immune to rotting. [demonic ancestry]
   335 | D:1      | Reached XP level 2. HP: 24/24 MP: 2/2
   363 | D:1      | You fall through a shaft!
   546 | D:2      | XOM: harmless Pois miscast
   751 | D:1      | Gained mutation: When hurt, damage is shared between your health and your magic reserves. [demonic ancestry]
   751 | D:1      | Reached XP level 3. HP: 29/29 MP: 3/3
   842 | D:1      | XOM: divination: detect creatures
  1395 | D:1      | XOM: smoke on damage
  1603 | D:1      | Reached XP level 4. HP: 23/35 MP: 2/4
  1604 | D:1      | XOM: summons 3 friendly demons
  1812 | D:2      | XOM: harmless Hex miscast
  1856 | D:2      | XOM: harmless Pois miscast
  1984 | D:2      | XOM: smoke on damage
  2201 | D:2      | XOM: divination: detect creatures
  2263 | D:2      | XOM: butterfly on damage
  2271 | D:2      | Reached skill level 4 in Axes
  2271 | D:2      | Reached XP level 5. HP: 7/42 MP: 1/5
  2728 | D:3      | XOM: summons 2 hostile demons
  2766 | D:3      | XOM: harmless Ice miscast
  3321 | D:4      | Found a sand-covered staircase.
  3339 | D:4      | XOM: summons 4 hostile shadow creatures
  3340 | D:4      | Noticed an ogre
  3341 | Ossuary  | Entered an ossuary
  3413 | Ossuary  | Reached XP level 6. HP: 39/48 MP: 4/6
  3613 | Ossuary  | XOM: summons 1 hostile shadow creature
  3642 | Ossuary  | Noticed a wraith
  3642 | Ossuary  | Noticed a flying skull
  3656 | Ossuary  | Noticed a flying skull
  3660 | Ossuary  | Noticed a wraith
  3666 | Ossuary  | XOM: summons 6 friendly demons
  3670 | Ossuary  | Killed a wraith
  3670 | Ossuary  | Reached skill level 5 in Axes
  3685 | Ossuary  | Noticed a flying skull
  3706 | Ossuary  | XOM: medium Tmut miscast
  4104 | Ossuary  | Noticed a flying skull
  4111 | Ossuary  | Noticed a wraith
  4114 | Ossuary  | XOM: harmless Chrm miscast
  4120 | Ossuary  | XOM: cast spell 'Summon Horrible Things'
  4121 | Ossuary  | Killed a wraith
  4121 | Ossuary  | Reached XP level 7. HP: 25/55 MP: 4/7
  4500 | D:4      | XOM: medium Summ miscast
  4501 | D:4      | Noticed a small abomination
  4501 | D:4      | Noticed a small abomination
  4816 | D:4      | Reached skill level 6 in Axes
  4988 | D:4      | Reached skill level 5 in Fighting
  5362 | D:4      | Slain by an orc

Skill      XL: |  1  2  3  4  5  6  7 |
---------------+----------------------+-----
Armour         | 2 3 4 |  4.2
Axes           | 3 4 5 6 |  6.2
Fighting       | 4 5 |  5.1
Dodging        | |  0.8

Action                   |  1- 3 |  4- 6 |  7- 9 || total
-------------------------+-------+-------+-------++-------
Melee: Hand axe          |    88 |   142 |       ||   230
       War axe           |       |    72 |    77 ||   149
  Use: Scroll            |       |    11 |       ||    11
       Potion            |       |     3 |       ||     3
 Stab: Petrified         |       |     7 |       ||     7
       Petrifying        |       |     1 |       ||     1
       Distracted        |       |       |     1 ||     1
  Eat: Chunk             |     2 |     6 |       ||     8
       Fruit             |       |     2 |       ||     2
       Meat ration       |       |       |     1 ||     1
Armor: Leather armour    |    36 |    65 |    38 ||   139
Dodge: Dodged            |    62 |   157 |    35 ||   254
